 Dungeon Crawl Stone Soup version 0.26.0-45-g9c1d065592 (webtiles) character file.

Game seed: 1039655234217924242

(classic levelgen) 35632 thiole the Eclecticist (level 13, -16/86 HPs)
             Began as an Octopode Venom Mage on Jan 29, 2021.
             Was an Initiate of Gozag.
             Demolished by a cane toad (19 damage)
             ... on level 1 of the Lair of Beasts.
             The game lasted 01:10:37 (28285 turns).

thiole the Eclecticist (Octopode Venom Mage)       Turns: 28285, Time: 01:10:38

Health: -16/86     AC:  1    Str:  7    XL:     13   Next: 85%
Magic:  24/41      EV: 20    Int: 22    God:    Gozag
Gold:   234        SH:  5    Dex: 13    Spells: 31/43 levels left

rFire    . . .     SeeInvis +   j - +0 spear of Anguish {vorpal, rPois rC+ MP+9}
rCold    + + .     Faith    .   k - +0 buckler
rNeg     . . .     Spirit   .   (helmet restricted)
rPois    +         Reflect  .   F - amulet of the acrobat
rElec    .         Harm     .   E - ring of protection from cold
rCorr    .         Rampage  .   y - ring of see invisible
Will     .....                  t - ring of stealth
Stlth    +++++.....             z - +4 ring of evasion
HPRegen  0.24/turn              (no ring)
MPRegen  0.27/turn              (no ring)
                                (no ring)
                                (no ring)

@: lethally poisoned (-16 -> -22), gold aura, hasted, very quick
A: almost no armour, stealthy swim, amphibious, 8 rings, constrict 8, camouflage
1, gelatinous body 1
a: Renounce Religion, Potion Petition, Call Merchant, Bribe Branch


You were on level 1 of the Lair of Beasts.
You worshipped Gozag.
Gozag was aware of your devotion.
You visited 3 branches of the dungeon, and saw 16 of its levels.

You collected 4824 gold pieces.
You spent 1243 gold pieces at shops.
You paid 3347 gold pieces to Gozag.

Inventory:

Hand Weapons
 j - the +0 spear of Anguish (weapon) {vorpal, rPois rC+ MP+9}
   (You found it on level 1 of the Lair of Beasts)

   It inflicts extra damage upon your enemies.
   It protects you from cold.
   It protects you from poison.
   It affects your magic capacity (+9).
 s - the cursed +13 scythe of Curses {drain, *Curse}
   (You found it on level 4 of the Dungeon)

   A truly terrible weapon, it drains the life of those it strikes.
   It curses itself when equipped.
   It has a curse placed upon it.
 x - a +4 short sword
Missiles
 h - 41 poisoned darts
 i - 487 stones
Armour
 k - a +0 buckler (worn)
Jewellery
 c - an uncursed ring of ice
 t - a ring of stealth (on tentacle)
 y - a ring of see invisible (right tentacle)
 z - a +4 ring of evasion (on tentacle)
 E - a ring of protection from cold (left tentacle)
 F - an amulet of the acrobat (around mantle)
Wands
 e - a wand of paralysis (8)
 n - a wand of polymorph (22)
 v - a wand of flame (20)
 B - a wand of disintegration (12)
 D - a wand of iceblast (7)
Scrolls
 b - 3 scrolls of random uselessness {unknown}
 d - 2 scrolls of fog
 f - 6 scrolls of teleportation
 g - 3 scrolls of enchant armour {unknown}
 l - 8 scrolls of remove curse
 o - 4 scrolls of amnesia {unknown}
 p - 4 scrolls of magic mapping
 q - 2 scrolls of immolation {unknown}
 u - 3 scrolls of blinking {unknown}
 H - a scroll of holy word {unknown}
Potions
 a - 4 potions of flight
 m - 3 potions of mutation {unknown}
 r - 2 potions of resistance
 w - a potion of cancellation
 A - a potion of haste
 C - 2 potions of brilliance {unknown}


   Skills:
 - Level 7.0 Fighting
 - Level 5.5 Short Blades
 * Level 6.1 Dodging
 - Level 5.0 Stealth
 - Level 4.0 Shields
 - Level 15.6 Spellcasting
 - Level 4.0 Conjurations
 - Level 2.0 Transmutations
 - Level 4.0 Fire Magic
 - Level 7.0 Air Magic
 - Level 4.1 Poison Magic
 - Level 2.0 Evocations


You had 31 spell levels left.
You knew the following spells:

 Your Spells              Type           Power        Failure   Level
a - Sting                 Tmut/Pois      100%         1%          1
b - Mephitic Cloud        Conj/Pois/Air  39%          1%          3
c - Olgreb's Toxic Radia  Pois           35%          6%          4
d - Ignite Poison         Fire/Tmut/Pois 32%          2%          3
e - Apportation           Tloc           34%          3%          1

Your spell library contained the following spells:

 Spells                   Type           Power        Failure   Level
 Poisonous Vapours        Pois/Air       82%          1%          2
 Animate Skeleton         Necr           34%          3%          1
 Corona                   Hex            18%          3%          1
 Summon Small Mammal      Summ           68%          3%          1


Dungeon Overview and Level Annotations

Branches:
Dungeon (12/15)            Temple (0/1) D:6            Lair (2/6) D:11
    Orc (2/2) D:12            Elf (0/3) Orc:2
  Swamp: Lair:2-4    Shoals: Lair:2-4     Snake: Lair:2-4    Spider: Lair:2-4

Altars:
Dithmenos
Elyvilon
Fedhas
Gozag
Hepliaklqana
Kikubaaqudgha
Nemelex Xobeh
Qazlal
Trog
Vehumet
Wu Jian
Yredelemnul
The Shining One
Beogh

Shops:
D:6 [   D:11 (=   Orc:2 *=*

Portals:
Trove: D:10 (give 8 potions of haste)

Annotations:
D:11 2 runed translucent doors, exclusion: orange crystal statue
D:12 Erolcha


Innate Abilities, Weirdness & Mutations

You cannot wear most types of armour.
You are very stealthy in the water. (Stealth+)
You are amphibious.
You can wear up to eight rings at the same time.
You can use your tentacles to constrict eight enemies at once.
Your skin changes colour to match your surroundings (Stealth+).
Your rubbery body absorbs attacks. (AC +1, EV +1)


Message History

You hit the cane toad but do no damage. You grab the cane toad.
The cane toad is heavily wounded.
You constrict the cane toad, but do no damage.
The cane toad closely misses you.
The blink frog becomes distracted by the nearby gold, dreaming of imaginary riches.
The blink frog croaks.
You hit the cane toad but do no damage.
You squeeze the cane toad, but do no damage.
The cane toad is heavily wounded.
You constrict the cane toad, but do no damage.
The cane toad stings you!!
* * * LOW HITPOINT WARNING * * *
You are lethally poisoned!
The cane toad poisons you! The cane toad closely misses you.
You feel yourself speed up.
You constrict the cane toad, but do no damage.
* * * LOW HITPOINT WARNING * * *
You feel sick. The cane toad stings you!!
You die...
Your body crumbles into a pile of gold.

≈≈≈.......#..#
≈≈≈.......#(.#
≈≈.......##.#####
≈≈...##....[....#
≈.####P..##...#.## ..#
##...##.##...#
#.###....##..#P§######
............##§§##§§.######
.....)#####.###§@FF§..$.?.#
#.##### #.# #P#####.#.#.#
#.#### #.# ### .## ..
.....# #.### .. .# .###.#
#.#.## ... # ## #.# #....#
.... ##.# ###..###..$ #.)#
##.##.#.. ##.# #P..#


You could see a cane toad and a blink frog.

Vanquished Creatures
  2 ettins (Orc:2)
  2 ogre magi (Orc:2)
  2 boulder beetles (D:12)
  A death knight (D:11)
  10 two-headed ogres
  An orc high priest (Orc:2)
  Sonja (D:12)
  An unseen horror (D:11)
  2 deep trolls (Orc:2)
  3 orc sorcerers
  3 orc knights
  3 ugly things
  2 cyclopes (Orc:2)
  A black mamba (Lair:1)
  A cane toad (Lair:1)
  Maggie (D:8)
  A kobold demonologist (D:11)
  10 trolls
  8 blink frogs (Lair:1)
  A hornet (D:12)
  10 yaks
  A wraith (D:7)
  3 basilisks (Lair:1)
  6 wargs
  4 water moccasins
  4 black bears
  3 sky beasts
  17 orc warriors
  2 eyes of draining
  3 ice beasts
  2 necrophages (D:10)
  3 phantoms
  22 ogres
  4 boggarts (D:11)
  2 centaurs
  A big kobold (D:12)
  Blork the orc (D:6)
  7 bullfrogs
  An elf skeleton (D:7)
  6 scorpions
  2 wights (D:7)
  5 howler monkeys
  2 centaur zombies
  A bullfrog zombie (D:6)
  6 hounds
  4 centaur skeletons
  10 orc priests
  4 human zombies (D:7)
  2 jellies
  4 bullfrog skeletons
  5 worker ants
  Ijyb (D:3)
  A human skeleton (D:7)
  4 iguanas
  Natasha (twice) (D:3)
  20 orc wizards
  A hound zombie (D:5)
  3 mummies (D:7)
  4 gnolls (D:2)
  7 adders
  9 river rats (D:6)
  A shadow imp (D:8)
  4 white imps
  2 ufetubi
  An ooze (D:2)
  A worm (D:2)
  4 dart slugs
  5 leopard geckos
  53 orcs
  9 bats
  5 giant cockroaches
  3 goblins
  9 hobgoblins
  14 jackals
  11 kobolds
  15 quokkas
  A ball python (D:1)
  3 frilled lizards
  A jackal skeleton (D:4)
  2 leopard gecko zombies
  25 rats
  A spectral orc (D:7)
425 creatures vanquished.

Vanquished Creatures (others)
  5 fungi (Lair:1)
  13 plants
18 creatures vanquished.

Grand Total: 443 creatures vanquished

Notes
Turn   | Place    | Note
-------+----------+-------------------------------------------
     0 | D:1      | thiole the Octopode Venom Mage began the quest for the Orb.
     0 | D:1      | Reached XP level 1. HP: 11/11 MP: 3/3
   214 | D:1      | Reached XP level 2. HP: 17/17 MP: 3/5
   893 | D:1      | Reached XP level 3. HP: 21/21 MP: 3/6
  1446 | D:2      | Reached skill level 5 in Stealth
  1539 | D:2      | Reached skill level 1 in Fighting
  1600 | D:2      | Reached XP level 4. HP: 25/29 MP: 1/7
  2016 | D:2      | Found a bloodstained altar of Trog.
  2017 | D:2      | Found a radiant altar of Vehumet.
  2101 | D:2      | Reached XP level 5. HP: 17/34 MP: 0/8
  2543 | D:3      | Noticed Ijyb
  2556 | D:3      | Killed Ijyb
  2640 | D:3      | Noticed Natasha
  2647 | D:3      | Killed Natasha
  2980 | D:3      | Noticed Natasha
  2989 | D:3      | Killed Natasha
  3456 | D:3      | Learned a level 3 spell: Mephitic Cloud
  3461 | D:3      | Learned a level 4 spell: Olgreb's Toxic Radiance
  3533 | D:3      | Reached XP level 6. HP: 35/39 MP: 3/10
  3599 | D:3      | Reached skill level 3 in Spellcasting
  3904 | D:4      | Learned a level 3 spell: Ignite Poison
  3999 | D:4      | Reached skill level 1 in Fire Magic
  3999 | D:4      | Reached skill level 1 in Air Magic
  4071 | D:4      | Found the cursed +13 scythe of Curses {drain, *Curse}
  4357 | D:4      | Reached skill level 1 in Conjurations
  4357 | D:4      | Reached XP level 7. HP: 39/45 MP: 6/11
  4866 | D:5      | Entered Level 5 of the Dungeon
  5038 | D:5      | Found a basalt altar of Yredelemnul.
  5421 | D:5      | Reached skill level 1 in Shields
  5566 | D:5      | Found an opulent altar of Gozag.
  5567 | D:5      | Found a sparkling altar of Nemelex Xobeh.
  5590 | D:5      | Became a worshipper of Gozag Ym Sagoz the Greedy
  6160 | D:5      | Found an ornate altar of the Wu Jian Council.
  6883 | D:6      | Noticed Blork the orc
  6999 | D:6      | Killed Blork the orc
  7000 | D:6      | Reached XP level 8. HP: 18/50 MP: 1/12
  8038 | D:6      | Found Biloral's Antique Armour Boutique.
  8119 | D:6      | Found a hazy altar of Hepliaklqana.
  8558 | D:6      | Found a staircase to the Ecumenical Temple.
  8683 | D:6      | Reached skill level 5 in Air Magic
  9607 | D:7      | Noticed a cyan ugly thing
  9628 | D:7      | Killed a cyan ugly thing
  9629 | D:7      | Reached XP level 9. HP: 47/58 MP: 3/13
  9788 | D:7      | Found a white marble altar of Elyvilon.
 10011 | D:7      | Found a basalt altar of Yredelemnul.
 10599 | D:7      | Reached skill level 5 in Fighting
 10978 | D:7      | Found an ancient bone altar of Kikubaaqudgha.
 11705 | D:8      | Reached skill level 4 in Spellcasting
 11779 | D:8      | Found a shadowy altar of Dithmenos.
 12417 | D:8      | Found a glowing golden altar of the Shining One.
 12426 | D:8      | Noticed a two-headed ogre
 12477 | D:8      | Reached skill level 5 in Spellcasting
 12477 | D:8      | Reached XP level 10. HP: 71/71 MP: 6/18
 12482 | D:8      | Reached skill level 6 in Spellcasting
 12695 | D:8      | Killed a two-headed ogre
 12696 | D:8      | Reached skill level 7 in Spellcasting
 12962 | D:8      | Noticed Maggie
 12971 | D:8      | Killed Maggie
 13975 | D:9      | Found a stormy altar of Qazlal.
 14049 | D:9      | Found a blossoming altar of Fedhas.
 14240 | D:10     | Entered Level 10 of the Dungeon
 14300 | D:10     | Reached skill level 1 in Short Blades
 15851 | D:10     | Found a portal to a secret trove of treasure.
 15871 | D:10     | Reached skill level 5 in Short Blades
 15871 | D:10     | Reached XP level 11. HP: 61/75 MP: 3/21
 16670 | D:11     | Killed an unseen horror
 16671 | D:11     | Reached skill level 8 in Spellcasting
 16889 | D:11     | Found a runed translucent door.
 16901 | D:11     | Found a runed translucent door.
 16910 | D:11     | Found a runed translucent door.
 17023 | D:11     | Found a runed translucent door.
 17026 | D:11     | Noticed an orange crystal statue
 17087 | D:11     | Found a staircase to the Lair.
 17331 | D:11     | Noticed a death knight
 17405 | D:11     | Killed a death knight
 17406 | D:11     | Reached skill level 9 in Spellcasting
 17975 | D:11     | Noticed a red ugly thing
 18160 | D:11     | Noticed a brown ugly thing
 18178 | D:11     | Killed a brown ugly thing
 18606 | D:11     | Killed a brown ugly thing
 18607 | D:11     | Reached skill level 10 in Spellcasting
 20070 | D:12     | Found a staircase to the Orcish Mines.
 20306 | D:12     | Noticed a boulder beetle
 20308 | D:12     | Noticed a boulder beetle
 20319 | D:12     | Killed a boulder beetle
 20320 | D:12     | Reached skill level 11 in Spellcasting
 20321 | D:12     | Killed a boulder beetle
 20322 | D:12     | Reached XP level 12. HP: 57/81 MP: 9/27
 20503 | D:12     | Noticed Sonja
 20508 | D:12     | Killed Sonja
 20868 | D:12     | Noticed Erolcha
 20921 | D:12     | Noticed a two-headed ogre
 20934 | D:12     | Killed a two-headed ogre
 21016 | Orc:1    | Entered Level 1 of the Orcish Mines
 21208 | D:12     | Reached skill level 12 in Spellcasting
 22087 | Orc:1    | Found a bloodstained altar of Trog.
 22190 | Orc:2    | Entered Level 2 of the Orcish Mines
 22760 | Orc:2    | Noticed a two-headed ogre
 22770 | Orc:2    | Killed a two-headed ogre
 22996 | Orc:2    | Noticed a two-headed ogre
 23001 | Orc:2    | Killed a two-headed ogre
 23002 | Orc:2    | Reached skill level 13 in Spellcasting
 24049 | Orc:2    | Noticed a two-headed ogre
 24149 | Orc:2    | Killed a two-headed ogre
 24286 | Orc:2    | Found Giur's General Store.
 24293 | Orc:2    | Found Soithrim's Jewellery Emporium.
 24297 | Orc:2    | Noticed a two-headed ogre
 24303 | Orc:2    | Killed a two-headed ogre
 24304 | Orc:2    | Reached skill level 14 in Spellcasting
 24304 | Orc:2    | Reached XP level 13. HP: 86/86 MP: 11/31
 24738 | Orc:2    | Noticed an ogre mage
 24742 | Orc:2    | Killed an ogre mage
 24746 | Orc:2    | Noticed an ogre mage
 24750 | Orc:2    | Paralysed by an ogre mage for 6 turns
 24759 | Orc:2    | Killed an ogre mage
 25014 | Orc:2    | Found Tackij's Gadget Shoppe.
 25117 | Orc:2    | Found Yneosot's Assorted Antiques.
 25280 | Orc:2    | Reached skill level 15 in Spellcasting
 25564 | Orc:2    | Noticed an ettin
 25728 | Orc:2    | Killed an ettin
 25837 | Orc:2    | Found a staircase to the Elven Halls.
 26076 | Orc:2    | Noticed an ettin
 26082 | Orc:2    | Killed an ettin
 26443 | Orc:2    | Found a roughly hewn altar of Beogh.
 26745 | Orc:2    | Bought a scroll labelled GETURI VAGOASA for 21 gold pieces
 26745 | Orc:2    | Bought a brass wand for 84 gold pieces
 26745 | Orc:2    | Bought a scroll labelled CIWNAI KOCWIS for 21 gold pieces
 26745 | Orc:2    | Bought a potion of curing for 63 gold pieces
 26745 | Orc:2    | Bought a scroll labelled OFRICR LUBBI for 21 gold pieces
 26745 | Orc:2    | Bought a scroll labelled DUOPRI BAELE for 21 gold pieces
 26751 | Orc:2    | Bought an uncursed ring of see invisible for 210 gold
                  | pieces
 26801 | D:12     | Learned a level 1 spell: Apportation
 26984 | D:12     | Paralysed by a hornet for 2 turns
 27342 | Lair:1   | Entered Level 1 of the Lair of Beasts
 27343 | Lair:1   | You fall into a shaft and drop 1 floor!
 27358 | Lair:1   | Got a scorched spear
 27365 | Lair:1   | Identified the +0 spear of Anguish {vorpal, rPois rC+ MP+9}
                  | (You found it on level 1 of the Lair of Beasts)
 27652 | Lair:1   | Reached skill level 5 in Dodging
 27781 | D:11     | Bought an uncursed ring of stealth for 262 gold pieces
 27781 | D:11     | Bought a +4 ring of evasion for 540 gold pieces
 28285 | Lair:1   | HP: 3/86 [poisoned by a cane toad]
 28285 | Lair:1   | Demolished by a cane toad

Illustrated notes

Levels and vault maps discovered:
D:1:      ncdulo_smallfort, layout_loops_ring
D:2:      layout_rooms, gammafunk_temple_overflow_statue,
          minmay_splitting_lines, grunt_ministairs_13
D:3:      layout_loops_ring, small_statue_intersection, uniq_natasha, uniq_ijyb
D:4:      layout_cave_pools, kennysheep_decorative_pillar
D:5:      layout_loops_corners, grunt_temple_overflow_opulence,
          pdpol_wu_jian_five_deadly_venoms, lemuel_altar_in_water
D:6:      lemuel_ratsnest, layout_cave_pods, nzn_hepliaklqana_mist_gate,
          minmay_temple_entry_overgrown, serial_shops, shop,
          minmay_crystal_water, uniq_blork_the_orc
D:7:      layout_rooms, lemuel_mausoleum_altar_kikubaaqudgha,
          yredelemnul_forgotten_temple_becter, lemuel_doored_altar
D:8:      layout_cave_pools, kennysheep_mini_moat,
          nicolae_dithmenos_through_a_glass_darkly, serial_co_window_serial,
          co_window_of_opportunity_a, co_window_corner_a, co_window_paths_a,
          co_window_paths_a, co_window_paths_b, co_window_paths_c,
          co_window_of_opportunity_b, co_window_cross_2, co_window_broadway_a,
          co_window_of_opportunity_c, co_window_broadway_b, co_window_4corner_b,
          glass_columns_a, glass_columns_b, glass_columns_a, glass_columns_a,
          st_stairs_5, uniq_maggie
D:9:      layout_stronghold, grunt_temple_overflow_forces_of_nature
D:10:     layout_loops_corners, enter_trove_0
D:11:     layout_grid_maze, erik_lair_orcish_takeover,
          minmay_statue_crystal_thing
D:12:     layout_basic, erik_orc_3, uniq_sonja, uniq_erolcha
Lair:1:   layout_loops_ring, lemuel_fruit_tree, infiniplex_staircase_pool
Lair:2:   layout_regular_city, shoals_dummy_entry
Orc:1:    layout_caves, trog_book
Orc:2:    st_orc_open, layout_caves, bh_open_orc_temple

Skill      XL: |  1  2  3  4  5  6  7  8  9 10 11 12 13 |
---------------+----------------------------------------+-----
Poison Magic   | 4 |  4.1
Stealth        | 3 4 5 |  5.0
Fighting       | 1 2 4 7 |  7.0
Dodging        | 3 4 6 |  6.1
Spellcasting   | 3 5 7 11 14 15 | 15.6
Fire Magic     | 2 4 |  4.0
Air Magic      | 2 3 5 7 |  7.0
Conjurations   | 1 2 4 |  4.0
Shields        | 4 |  4.0
Evocations     | 2 |  2.0
Transmutations | 2 |  2.0
Short Blades   | 5 |  5.5

Action                   |  1- 3 |  4- 6 |  7- 9 | 10-12 | 13-15 || total
-------------------------+-------+-------+-------+-------+-------++-------
Melee: Unarmed           |    22 |    25 |   197 |       |       ||   244
       Constrict         |     6 |     5 |    36 |    32 |    10 ||    89
       Tentacles         |     3 |     5 |    52 |    37 |    18 ||   115
       Short sword       |       |       |     5 |   184 |    29 ||   218
       Spear             |       |       |       |       |    35 ||    35
 Cast: Sting             |    60 |    90 |   190 |   120 |    35 ||   495
       Mephitic Cloud    |       |       |    12 |    28 |     4 ||    44
       Ignite Poison     |       |       |    23 |    99 |    42 ||   164
       Olgreb's Toxic Ra |       |       |    11 |   107 |    66 ||   184
Invok: Potion Petition   |       |       |       |     5 |     1 ||     6
       Call Merchant     |       |       |       |       |     2 ||     2
Evoke: Wand              |       |       |     1 |     1 |     2 ||     4
  Use: Scroll            |       |       |     6 |     9 |     6 ||    21
       Potion            |       |       |     3 |     5 |     2 ||    10
 Stab: Sleeping          |       |       |     3 |     7 |     1 ||    11
       Distracted        |       |       |       |     1 |       ||     1
Armor: Skin              |     4 |     8 |    12 |     5 |     3 ||    32
Dodge: Dodged            |    22 |    45 |   171 |   136 |    70 ||   444
Block: Buckler           |       |     1 |    54 |    57 |    20 ||   132
